 Dungeon Crawl Stone Soup version 0.32-a0-22-g6ae6769602 (webtiles) character file.

Game seed: 18021042650132310607

545 jasper the Chopper (level 7, -2/52 HPs)
             Began as a Demonspawn Cinder Acolyte on Jan 18, 2024.
             Was a High Priest of Ignis.
             Killed from afar by a gargoyle (22 damage)
             ... with a stone arrow
             ... on level 5 of the Dungeon.
             The game lasted 00:07:03 (2996 turns).

jasper the Chopper (Demonspawn Cinder Acolyte)      Turns: 2996, Time: 00:07:03

Health: -2/52      AC:  9    Str: 16    XL:     7   Next: 6%
Magic:  8/8        EV:  9    Int: 15    God:    Ignis [*****.]
Gold:   114        SH:  0    Dex:  8    Spells: 8/8 levels left

rFire   + . .        a - -1 hand axe (flame)
rCold   . . .        (no shield)
rNeg    . . .        d - +0 scale mail
rPois   .            (no helmet)
rElec   .            (no cloak)
rCorr   .            (no gloves)
SInv    .            (no boots)
Will    .....        g - amulet of regeneration Stlth
                     (no ring)
HPRegen 1.08/turn    (no ring)
MPRegen 0.11/turn

%: no passive effects
@: about to teleport, corroded, fiery-armoured
A: claws 1, powered by death 1, powered by pain 2
a: Renounce Religion, Fiery Armour, Foxfire Swarm, Rising Flame


You were on level 5 of the Dungeon.
You worshipped Ignis.
Ignis was extremely pleased with you.
You visited 1 branch of the dungeon, and saw 5 of its levels.

You collected 244 gold pieces.
You spent 130 gold pieces at shops.

Inventory:

Hand Weapons
 a - a -1 hand axe of flaming (weapon)
Missiles
 j - 24 stones (quivered)
Armour
 b - a +0 robe
 d - a +0 scale mail (worn)
Jewellery
 g - an amulet of regeneration (around neck)
 p - a ring of flight
Scrolls
 c - 3 scrolls of identify
 f - a scroll of amnesia
 n - a scroll of immolation {unknown}
 o - a scroll of vulnerability
Potions
 e - 2 potions of degeneration
 i - 2 potions of curing
 l - a potion of might {unknown}


   Skills:
 - Level 3.0 Fighting
 + Level 7.4 Axes
 - Level 1.0 Spellcasting
 - Level 2.6 Fire Magic


You had 8 spell levels left.
You didn't know any spells.
Your spell library contained the following spells:

 Spells                   Type           Power      Damage    Failure   Level
 Scorch                   Fire           16%        2d5       43%         2
 Sting                    Conj/Alch      0%         1d3       67%         1
 Ensorcelled Hibernation  Hex/Ice        0%         N/A       80%         2
 Lesser Beckoning         Tloc           0%         N/A       80%         2
 Mercury Vapours          Alch/Air       0%         N/A       80%         2
 Call Canine Familiar     Summ           0%         N/A       95%         3
 Fugue of the Fallen      Necr           0%         N/A       95%         3
 Gell's Gravitas          Tloc           0%         N/A       95%         3
 Sigil of Binding         Hex            0%         N/A       95%         3
 Teleport Other           Tloc           0%         N/A       95%         3
 Anguish                  Hex/Necr       0%         N/A       100%        4
 Dimensional Bullseye     Hex/Tloc       0%         N/A       100%        4
 Olgreb's Toxic Radiance  Alch           0%         N/A       100%        4


Dungeon Overview and Level Annotations

Branches:
Dungeon (5/15)
 Temple: D:4-7

Altars:
Gozag
Makhleb
Nemelex Xobeh

Shops:
D:3 !

Annotations:
D:4 Blork the orc, Eustachio


Innate Abilities, Weirdness & Mutations

You have sharp fingernails.
You regenerate a little health from kills.
You sometimes gain power by taking damage.


Message History

The jelly is heavily wounded.
You take 3 damage, and have 44/52 hp.
You hit the jelly. You burn the jelly. The acid corrodes you!
Your claws burn!
The jelly is severely wounded.
The jelly hits you but does no damage.
The jelly is burned by your cloak of flames.
The jelly is almost dead.
You take 2 damage, and have 42/52 hp.
You hit the jelly. You burn the jelly.
You kill the jelly!
You barely miss the gargoyle.
You claw the gargoyle, but do no damage.
The gargoyle hits you with a +0 flail!
You take 13 damage, and have 30/52 hp.
MASSIVE DAMAGE!!
Okay, then.
You hit the gargoyle but do no damage. You hit the gargoyle but do no damage.
The gargoyle hits you with a +0 flail!
You take 11 damage, and have 20/52 hp.
MASSIVE DAMAGE!!
You feel much better.
The gargoyle hurls a stone arrow at you.
The stone arrow misses you.
An orc comes into view. It is wielding a +0 club.
You regained 19 hp, and now have 39/52 hp.
You hit the gargoyle but do no damage.
The gargoyle hurls a stone arrow at you.
The stone arrow hits you!!
You take 18 damage, and have 21/52 hp.
MASSIVE DAMAGE!!
You hit the gargoyle. You burn the gargoyle.
The gargoyle is lightly damaged.
The gargoyle closely misses you.
As you read the scroll of teleportation, it crumbles to dust.
You feel strangely unstable.
The gargoyle hurls a stone arrow at you.
The stone arrow hits you!
* * * LOW HITPOINT WARNING * * *
You take 15 damage, and have 7/52 hp.
MASSIVE DAMAGE!!
You feel better.
The gargoyle hurls a stone arrow at you.
The stone arrow hits you!!
You die...

##....._.....#
#..#.[.....#.#
#..#.......#..#
#..##.....## ..
##..####.####
#...........
#.####.#...#
###.####.#.###
#...@9w......#
#.####.o.....#
#. #...##.... #
#...#.# .#
#..###?.# ..?.#
.## ##.. .# #.
k# #.


9J You could see a gargoyle, a ribbon worm and an orc.

Vanquished Creatures
  A wyvern (D:5)
  A scorpion (D:5)
  2 jellies (D:5)
  A hound (D:5)
  An orc priest (D:5)
  2 iguanas (D:5)
  2 orc wizards (D:5)
  2 adders (D:5)
  2 ufetubi (D:5)
  2 dart slugs
  3 ribbon worms
  5 orcs (D:5)
  13 ball pythons
  3 endoplasms
  7 giant cockroaches
  6 goblins
  7 hobgoblins
  2 quokkas
  6 bats
  3 frilled lizards
  5 kobolds
  3 rats
79 creatures vanquished.

Notes
Turn   | Place    | Note
-------+----------+-------------------------------------------
     0 | D:1      | jasper the Demonspawn Cinder Acolyte began the quest for
                  | the Orb.
     0 | D:1      | Reached XP level 1. HP: 18/18 MP: 2/2
    81 | D:1      | Reached skill level 3 in Axes
   180 | D:1      | Gained mutation: You have sharp fingernails. [demonic
                  | ancestry]
   180 | D:1      | Reached XP level 2. HP: 11/24 MP: 3/3
   626 | D:1      | Reached XP level 3. HP: 29/29 MP: 4/4
  1056 | D:2      | Reached skill level 4 in Axes
  2037 | D:3      | Found a sparkling altar of Nemelex Xobeh.
  2067 | D:3      | Reached XP level 4. HP: 35/35 MP: 5/5
  2265 | D:3      | Found Momurun's Distillery.
  2270 | D:3      | Bought a potion of curing for 30 gold pieces
  2270 | D:3      | Bought 2 potions of heal wounds for 100 gold pieces
  2352 | D:3      | Found an opulent altar of Gozag.
  2509 | D:4      | Noticed Blork the orc
  2509 | D:4      | Noticed Eustachio
  2682 | D:4      | Noticed a yak
  2683 | D:4      | Noticed a yak
  2694 | D:5      | Entered Level 5 of the Dungeon
  2796 | D:5      | Reached skill level 5 in Axes
  2809 | D:5      | Gained mutation: You sometimes gain a little power by
                  | taking damage. [demonic ancestry]
  2809 | D:5      | Reached XP level 5. HP: 26/41 MP: 6/6
  2917 | D:5      | Reached skill level 6 in Axes
  2924 | D:5      | Found a burning altar of Makhleb.
  2948 | D:5      | Noticed a wyvern
  2948 | D:5      | Noticed a gargoyle
  2963 | D:5      | Killed a wyvern
  2964 | D:5      | Gained mutation: You sometimes gain power by taking damage.
                  | [demonic ancestry]
  2964 | D:5      | Reached XP level 6. HP: 45/47 MP: 7/7
  2968 | D:5      | Reached skill level 7 in Axes
  2985 | D:5      | Gained mutation: You regenerate a little health from kills.
                  | [demonic ancestry]
  2985 | D:5      | Reached XP level 7. HP: 45/52 MP: 8/8
  2996 | D:5      | Killed from afar by a gargoyle

Illustrated notes

Levels and vault maps discovered:
D:1:      lemuel_arrival_muddy, layout_basic
D:2:      layout_basic, minivault_25, minivault_27
D:3:      layout_loops_ring, nemelex_spade_bored_becter,
          nicolae_gozag_cash_rules_everything_around_me, serial_shops, shop,
          hangedman_decor_peaks_small
D:4:      layout_basic, dk_noncrumbling_4, kennysheep_generic_room_10,
          uniq_ijyb, uniq_blork_the_orc, uniq_eustachio
D:5:      layout_loops_ring, palyth_temple_overflow_mages, old_standard_altar,
          minmay_ruined_shrine

Skill      XL: |  1  2  3  4  5  6 |
---------------+-------------------+-----
Axes           | 3 4 5 6 7 |  7.4
Fighting       | |  3.0
Spellcasting   | |  1.0
Fire Magic     | |  2.6

Action                     |  1- 3 |  4- 6 |  7- 9 || total
---------------------------+-------+-------+-------++-------
  Melee: Hand axe          |   158 |    89 |     9 ||   256
         Punch             |     2 |       |     1 ||     3
  Throw: Stone             |     6 |     2 |       ||     8
 Invoke: Fiery Armour      |     1 |     2 |       ||     3
    Use: Scroll            |     9 |     1 |     1 ||    11
         Potion            |       |     2 |     2 ||     4
 Armour: Scale mail        |   103 |    55 |     8 ||   166
         Robe              |     6 |       |       ||     6
         Skin              |       |    21 |       ||    21
  Dodge: Dodged            |    56 |    35 |     2 ||    93

Table legend: (Time is in decaauts)
 A = Elapsed time spent in this place.
 B = Non-inter-level travel time spent in this place.
 C = Inter-level travel time spent in this place.
 D = Time resting spent in this place.
 E = Time spent auto-exploring this place.
 F = Levels seen in this place.
 G = Mean time per level.
                   A        B        C        D        E       F      G
               +--------+--------+--------+--------+--------+-----+--------+
         Total |   3019 |   2813 |    206 |    210 |   1831 |   5 |  603.8 |
       Dungeon |   3019 |   2813 |    206 |    210 |   1831 |   5 |  603.8 |
               +--------+--------+--------+--------+--------+-----+--------+

Top non-repeatable levels by time:
     D:2: 976 daAuts
     D:1: 899 daAuts
     D:3: 712 daAuts
     D:5: 302 daAuts
     D:4: 128 daAuts
